 Dungeon Crawl Stone Soup version 0.31-a0-219-g8d62b2e7bb (webtiles) character file.

Game seed: 1912470513176997038

505 puppykicker the Stinger (level 7, -1/45 HPs)
             Began as an Octopode Venom Mage on July 3, 2023.
             Slain by Crazy Yiuf
             ... wielding a +4 quarterstaff of chaos
              (14 damage)
             ... on level 3 of the Dungeon.
             The game lasted 00:09:53 (3488 turns).

puppykicker the Stinger (Octopode Venom Mage)       Turns: 3488, Time: 00:09:54

Health: -1/45      AC:  1    Str:  9    XL:     7   Next: 18%
Magic:  11/11      EV: 14    Int: 17    God:
Gold:   167        SH:  0    Dex: 13    Spells: 3/12 levels left

rFire   . . .        a - +2 dagger (protect)
rCold   . . .        (no shield)
rNeg    . . .        m - +0 hat
rPois   .            (no amulet)
rElec   .            (no ring)
rCorr   .            (no ring)
SInv    +            (no ring)
Will    .....        (no ring)
Stlth   ++++         (no ring)
HPRegen 0.27/turn    (no ring)
MPRegen 0.12/turn    (no ring)
                     (no ring)

%: no passive effects
@: no status effects
A: almost no armour, amphibious, 8 rings, camouflage 1, gelatinous body 1,
(nimble swimmer 1), tentacles
a: no special abilities


You were on level 3 of the Dungeon.
You visited 1 branch of the dungeon, and saw 4 of its levels.

You collected 167 gold pieces.

Inventory:

Hand Weapons
 a - a +2 dagger of protection (weapon)
 c - a +0 whip
Missiles
 b - 12 boomerangs (quivered)
Armour
 m - a +0 hat (worn)
Wands
 p - a wand of charming (8)
 s - a wand of flame (11)
Scrolls
 f - a scroll of enchant armour {unknown}
 g - 3 scrolls of revelation
 h - a scroll of summoning {unknown}
 i - a scroll of enchant weapon {unknown}
 j - 3 scrolls of identify {unknown}
 o - 2 scrolls of amnesia {unknown}
 r - 2 scrolls of teleportation {unknown}
 t - 3 scrolls of vulnerability {unknown}
Potions
 d - 4 potions of curing {unknown}
 e - a potion of magic
 k - a potion of experience {unknown}
 l - a potion of attraction {unknown}
 n - 2 potions of invisibility {unknown}
 q - a potion of mutation {unknown}
 u - a potion of heal wounds {unknown}


   Skills:
 + Level 2.7 Fighting
 + Level 3.4 Dodging
 + Level 5.0 Stealth
 + Level 3.2 Spellcasting
 - Level 1.0 Transmutations
 * Level 6.3 Poison Magic


You had 3 spell levels left.
You knew the following spells:

 Your Spells              Type           Power      Damage    Failure   Level
a - Sting                 Tmut/Pois      60%        1d6       3%          1
g - Apportation           Tloc           4%         N/A       17%         1
x - Mephitic Cloud        Conj/Pois/Air  9%         N/A       22%         3
z - Olgreb's Toxic Radia  Pois           24%        N/A       13%         4

Your spell library contained the following spells:

 Spells                   Type           Power      Damage    Failure   Level
 Poisonous Vapours        Pois/Air       26%        N/A       7%          2
 Magic Dart               Conj           8%         1d3       17%         1
 Necrotise                Necr           8%         1d4       17%         1
 Summon Small Mammal      Summ           8%         N/A       17%         1
 Passwall                 Tmut/Erth      3%         N/A       22%         2
 Call Imp                 Summ           4%         N/A       26%         2
 Ensorcelled Hibernation  Hex/Ice        4%         N/A       26%         2
 Swiftness                Air            2%         N/A       45%         3
 Tukima's Dance           Hex            2%         N/A       45%         3
 Passage of Golubria      Tloc           2%         N/A       86%         4
 Yara's Violent Unravell  Hex/Tmut       2%         3d3       98%         5


Dungeon Overview and Level Annotations

Branches:
Dungeon (4/15)
 Temple: D:4-7

Altars:
Elyvilon
Nemelex Xobeh

Shops:
D:2 :

Annotations:
D:3 Crazy Yiuf


Innate Abilities, Weirdness & Mutations

You cannot wear most types of armour.
You are amphibious.
You can wear up to eight rings at the same time.
Your skin changes colour to match your surroundings (Stealth+).
Your rubbery body absorbs attacks. (AC +1, EV +1)
((You are camouflaged when in or above water. (Stealth+)))
You have tentacles for arms and can constrict up to eight enemies at once.


Message History

You kill the worm!
Your Stealth skill increases to level 5!
You see here a +0 leather armour.
There is a stone staircase leading down here.
Found an escape hatch in the floor.
There is an escape hatch in the floor here.
A kobold comes into view. It is wielding a +0 dagger.
The helpless kobold fails to defend itself.
You impale the kobold!!
Your weapon exudes an aura of protection.
You kill the kobold!
No target in view!
No target in view!
You see here a +0 dagger.
Found a white marble altar of Elyvilon.
You see here a +0 scale mail.
Found a sparkling altar of Nemelex Xobeh.
Things that are here:
a +0 short sword; a +0 ring mail You see here a +0 dagger.
You see here a +0 mace.
There is a stone staircase leading down here.
There is a stone staircase leading down here.
You see here a +0 club.
Found a runed translucent door.
You see here a +0 club.
You see here a +0 mace.
You see here a +0 club.
Crazy Yiuf cries, "East!
Whiteboard forty-two cower."
You open the door. Crazy Yiuf attacks as you move away!
Crazy Yiuf hits you with a +4 quarterstaff of chaos!
You are electrocuted!
* * * LOW HITPOINT WARNING * * *
You take 32 damage, and have 13/45 hp.
MASSIVE DAMAGE!!
As you read the scroll labelled JEM LUZUJYTS, it crumbles to dust.
You feel aware of your surroundings.
It was a scroll of revelation.
Crazy Yiuf hits you with a +4 quarterstaff of chaos!
You die...

..........#########
.##.########♣♣♣♣♣♣♣#####
.##.########♣#####♣♣####
.##.......#♣♣#)..#♣♣####
###.#####.#♣♣#...#♣♣#### ###.#
#.#♣♣#...#♣##### ....#
#.#♣♣##'##♣##### ###.#
#.#♣♣♣♣g♣♣♣♣#### #
#.#####.#♣♣♣♣♣@♣♣♣####
#.......#♣♣♣♣♣.♣♣♣####
####.####♣♣♣♣♣♣.♣♣#### ######.#
###♣♣♣♣.♣♣♣#### .......#
###♣♣♣...♣♣####
############♣♣..♣.♣♣####
###..[....####....###### #######
....###########..##########......
.####### #...#.............##


You could see Crazy Yiuf.

Levels and vault maps discovered:
D:1:      tarquinn_simple_flora_water_b, layout_basic, corexii_hall_statues_t,
          minmay_tromino_v7
D:2:      layout_rooms, serial_shops, nicolae_lakefront_shop
D:3:      layout_loops_cross, lemuel_coloured_pillars_altar,
          mainiacjoe_overflow_paths, nicolae_elevator_lobby_asterisk,
          uniq_crazy_yiuf_cottage
D:4:      layout_basic, uniq_natasha, uniq_sigmund

Notes
Turn   | Place    | Note
-------+----------+-------------------------------------------
     0 | D:1      | puppykicker the Octopode Venom Mage began the quest for the
                  | Orb.
     0 | D:1      | Reached XP level 1. HP: 11/11 MP: 3/3
    75 | D:1      | Identified a +0 whip
   112 | D:1      | Identified a +0 whip
   120 | D:1      | Reached XP level 2. HP: 18/18 MP: 1/5
   278 | D:1      | Identified a +0 dagger
   282 | D:1      | Identified a +0 club
   285 | D:1      | Reached skill level 4 in Poison Magic
   301 | D:1      | Identified a +0 dagger
   323 | D:1      | Reached skill level 3 in Stealth
   485 | D:1      | Identified a +0 rapier
   519 | D:1      | Identified a +0 dagger
   523 | D:1      | Reached XP level 3. HP: 22/22 MP: 6/6
   525 | D:1      | Identified a +0 dagger
   711 | D:1      | Identified a +0 short sword
   742 | D:1      | Identified a +0 ring mail
   811 | D:1      | Identified a +0 dagger
   898 | D:2      | HP: 5/22 [poisoned by an adder]
   902 | D:2      | HP: 2/22 [poisoned by an adder]
  1026 | D:2      | Identified a +1 whip of distortion
  1056 | D:2      | Reached skill level 1 in Fighting
  1238 | D:2      | Reached XP level 4. HP: 25/28 MP: 4/7
  1246 | D:2      | Identified a +2 dagger of protection
  1520 | D:2      | Identified a +0 ring mail
  1536 | D:2      | Identified a +0 dagger
  1560 | D:2      | Found Bepaf's Book Emporium.
  1638 | D:2      | You fall into a shaft and drop 2 floors!
  1677 | D:4      | Identified a +0 hat
  1756 | D:4      | Learned a level 4 spell: Olgreb's Toxic Radiance
  1787 | D:4      | Identified a +0 spear
  1942 | D:4      | Reached XP level 5. HP: 33/33 MP: 6/8
  1944 | D:4      | Identified a +0 dagger
  1968 | D:4      | Identified a +0 scythe
  1968 | D:4      | Identified a +0 robe
  1968 | D:4      | Noticed Sigmund
  1975 | D:4      | Killed Sigmund
  1976 | D:4      | Reached skill level 2 in Fighting
  1976 | D:4      | Reached skill level 3 in Dodging
  1976 | D:4      | Reached skill level 4 in Stealth
  1976 | D:4      | Reached skill level 5 in Poison Magic
  1976 | D:4      | Reached XP level 6. HP: 28/39 MP: 4/10
  2027 | D:4      | Learned a level 3 spell: Mephitic Cloud
  2051 | D:4      | Reached skill level 3 in Spellcasting
  2053 | D:4      | Identified a +0 dagger
  2053 | D:4      | Identified a +0 leather armour
  2054 | D:4      | Identified a +0 short sword
  2058 | D:4      | Identified a +0 flail
  2059 | D:4      | Identified a +0 trident
  2185 | D:4      | Noticed Natasha
  2192 | D:4      | Killed Natasha
  2195 | D:4      | Identified a +0 short sword
  2197 | D:4      | Noticed Natasha
  2199 | D:4      | Identified a +1 spear
  2205 | D:4      | Identified a +0 spear
  2209 | D:4      | Identified a +2 spear
  2210 | D:4      | Killed Natasha
  2211 | D:4      | Reached skill level 6 in Poison Magic
  2238 | D:4      | Identified a +0 club
  2240 | D:4      | Identified a +0 whip
  2240 | D:4      | Identified a +0 robe
  2243 | D:4      | Identified a +0 spear
  2250 | D:4      | Reached XP level 7. HP: 38/45 MP: 2/11
  2522 | D:4      | Noticed Natasha
  2527 | D:4      | Killed Natasha
  2683 | D:2      | Identified a +0 short sword
  2683 | D:2      | Identified a +0 mace
  2764 | D:3      | Learned a level 1 spell: Apportation
  2800 | D:3      | Identified a +0 short sword
  2800 | D:3      | Identified a +0 ring mail
  2807 | D:3      | Identified a +0 dagger
  2821 | D:3      | Identified a +0 short sword
  2821 | D:3      | Identified a +0 short sword
  2848 | D:3      | Identified a +0 club
  2930 | D:3      | Identified a +0 mace
  2964 | D:3      | Identified a +0 ring mail
  3087 | D:3      | Reached skill level 5 in Stealth
  3091 | D:3      | Identified a +0 leather armour
  3125 | D:3      | Identified a +0 dagger
  3136 | D:3      | Found a white marble altar of Elyvilon.
  3227 | D:3      | Identified a +0 scale mail
  3270 | D:3      | Found a sparkling altar of Nemelex Xobeh.
  3384 | D:3      | Found a runed translucent door.
  3385 | D:3      | Identified a +4 quarterstaff of chaos
  3385 | D:3      | Identified a +0 cloak
  3385 | D:3      | Noticed Crazy Yiuf
  3488 | D:3      | Identified 4 scrolls of revelation
  3488 | D:3      | Slain by Crazy Yiuf

Table legend: (Time is in decaauts)
 A = Elapsed time spent in this place.
 B = Non-inter-level travel time spent in this place.
 C = Inter-level travel time spent in this place.
 D = Time resting spent in this place.
 E = Time spent auto-exploring this place.
 F = Levels seen in this place.
 G = Mean time per level.
                   A        B        C        D        E       F      G
               +--------+--------+--------+--------+--------+-----+--------+
         Total |   3496 |   3347 |    149 |    633 |   2056 |   4 |  874.0 |
       Dungeon |   3496 |   3347 |    149 |    633 |   2056 |   4 |  874.0 |
               +--------+--------+--------+--------+--------+-----+--------+

Top non-repeatable levels by time:
     D:4: 943 daAuts
     D:1: 890 daAuts
     D:2: 869 daAuts
     D:3: 792 daAuts

Table legend:
 A = Kills in this place as a percentage of kills in the entire game.
 B = Kills by you in this place as a percentage of kills by you in the entire game.
 C = Kills by friends in this place as a percentage of kills by friends in the entire game.
 D = Other kills in this place as a percentage of other kills in the entire game.
 E = Experience gained in this place as a percentage of experience gained in the entire game.
 F = Experience gained in this place divided by the number of levels of this place that you have seen.
                   A       B       C       D       E      F
               +-------+-------+-------+-------+-------+----------------------
         Total | 100.0 | 100.0 |   N/A |   N/A | 100.0 | 180.5
       Dungeon | 100.0 | 100.0 |   N/A |   N/A | 100.0 | 180.5
               +-------+-------+-------+-------+-------+----------------------

Skill      XL: |  1  2  3  4  5  6  7 |
---------------+----------------------+-----
Poison Magic   | 4 5 6 |  6.3
Stealth        | 3 4 5 |  5.0
Fighting       | 1 2 |  2.7
Dodging        | 3 |  3.4
Spellcasting   | 3 |  3.2
Transmutations | |  1.0

Action                     |  1- 3 |  4- 6 |  7- 9 || total
---------------------------+-------+-------+-------++-------
  Melee: Dagger            |    15 |    46 |    30 ||    91
         Constrict         |    12 |    16 |     8 ||    36
         Unarmed           |     9 |       |       ||     9
         Tentacles         |     6 |    14 |     6 ||    26
         Rapier            |    18 |     4 |       ||    22
   Cast: Sting             |    47 |    27 |     3 ||    77
         Olgreb's Toxic Ra |       |     4 |       ||     4
    Use: Scroll            |       |       |     1 ||     1
   Stab: Sleeping          |     1 |     3 |     5 ||     9
 Armour: Skin              |     5 |     7 |     4 ||    16
  Dodge: Dodged            |    33 |    51 |    13 ||    97

Vanquished Creatures
  Sigmund (D:4)
  A scorpion (D:4)
  A gnoll bouda (D:4)
  Natasha (thrice) (D:4)
  3 gnolls (D:4)
  6 adders
  A white imp (D:4)
  3 worms
  3 dart slugs
  5 orcs
  7 ball pythons
  4 endoplasms
  6 giant cockroaches
  5 goblins
  3 hobgoblins
  8 jackals
  2 quokkas
  7 bats
  3 frilled lizards
  11 kobolds
  4 rats
87 creatures vanquished.
